AoeStats
← BigCozy101

Arabia

509233631Analyzed
3v3 RM · 7d ago on Sep 26, 2026· 83m 33s· 6 players
Game mode
Random Map
Map size
Normal (6 player)
Population
200
Speed
Normal
Resources
Standard
Victory
Conquest
Starting age
Dark Age
Ending age
Imperial Age
RankedLock teamsTeams togetherTeam positionsShared explorationLock speedFull tech treeHidden civsTurbo modeCheats
Victory
Defeat
🇨🇴 Persians · Colombia
666
+34
🇲🇽 Teutons · Mexico
660
+18
🇹🇼 Spanish · Taiwan
632
+19
🇺🇸 Malians · United States
834
-72
🇺🇸 Britons · United States
627
-23
🇺🇸 Franks · United States
627
-23
tails034
1:51 Loom
12:46 Feudal Age
19:34 Castle Age
17:49 Double-Bit Axe
18:11 Horse Collar
19:32 Bloodlines
19:45 Gold Mining
21:36 Scale Barding Armor
22:38 Wheelbarrow
23:08 Heavy Plow
25:31 Bow Saw
26:40 Forging
28:45 Fletching
30:35 Iron Casting
33:15 Imperial Age
32:18 Chain Barding Armor
32:01 Scale Mail Armor
31:57 Bodkin Arrow
32:03 Padded Archer Armor
34:54 Crop Rotation
35:28 Two-Man Saw
34:56 Cavalier
37:39 Paladin
38:25 Town Watch
38:59 Hand Cart
40:16 Chemistry
39:36 Ballistics
40:56 Plate Barding Armor
42:11 Siege Engineers
43:01 Stone Mining
43:18 Town Patrol
43:43 Conscription
43:44 Crenellations
45:13 Stone Shaft Mining
46:43 Blast Furnace
46:00 Chain Mail Armor
46:00 Leather Archer Armor
47:26 Squires
46:53 Pikeman
49:09 Plate Mail Armor
48:59 Gambesons
49:23 Heavy Mounted Crossbowman
50:35 Arson
57:45 Halberdier
62:29 Ring Archer Armor
63:27 Caravan
Macrazy8238
14:16 Feudal Age
15:35 Wheelbarrow
18:30 Man-at-Arms
25:56 Horse Collar
31:24 Castle Age
33:55 Crossbowman
35:19 Parthian Tactics
34:20 Pikeman
34:21 Long Swordsman
53:54 Thumb Ring
53:53 Arson
58:58 Coinage
63:16 Imperial Age
61:04 Hand Cart
61:58 Siphons
62:00 Murder Holes
63:03 Onager
63:05 Capped Ram
63:38 Gambesons
63:56 Squires
63:29 Elite Skirmisher
63:41 Light Cavalry
64:22 Husbandry
66:42 Siege Ram
67:51 Cavalier
67:55 Heavy Camel Rider
68:48 Bloodlines
68:30 Heavy Cavalry Archer
70:14 Forging
70:05 Scale Mail Armor
70:10 Scale Barding Armor
70:06 Padded Archer Armor
69:57 Fletching
71:37 Chemistry
72:35 Halberdier
74:25 Guard Tower
烏鴉
1:40 Loom
9:57 Loom
11:42 Feudal Age
10:00 Loom
21:39 Castle Age
19:26 Town Watch
20:31 Double-Bit Axe
20:28 Horse Collar
22:36 Gold Mining
25:10 Wheelbarrow
30:55 Imperial Age
28:59 Padded Archer Armor
29:29 Heavy Plow
29:32 Fletching
30:21 Stone Mining
31:52 Scale Barding Armor
32:05 Leather Archer Armor
32:57 Hand Cart
32:43 Bodkin Arrow
33:18 Ballistics
33:01 Husbandry
33:12 Bloodlines
34:39 Conscription
34:49 Conscription
34:54 Bow Saw
34:19 Pikeman
35:28 Chain Barding Armor
35:07 Bodkin Arrow
35:15 Cavalier
37:22 Town Patrol
39:38 Ring Archer Armor
39:46 Plate Barding Armor
39:43 Ring Archer Armor
39:14 Bracer
39:11 Murder Holes
39:27 Masonry
41:02 Hoardings
40:48 Light Cavalry
41:24 Pikeman
41:42 Capped Ram
44:24 Architecture
44:07 Forging
43:58 Scale Mail Armor
46:56 Chemistry
45:48 Halberdier
47:00 Squires
46:51 Elite Conquistador
49:04 Paladin
51:14 Two-Man Saw
50:46 Caravan
51:41 Chain Mail Armor
57:57 Plate Mail Armor
58:03 Iron Casting
60:00 Hussar
60:54 Siege Ram
62:28 Arson
62:57 Guilds
63:18 Coinage
67:36 Stone Shaft Mining
76:44 Banking
79:37 Sappers
80:34 Supremacy
82:59 Onager
Gack13579
11:54 Feudal Age
10:12 Loom
13:06 Double-Bit Axe
18:54 Fletching
22:54 Castle Age
21:09 Horse Collar
23:36 Crossbowman
25:27 Pikeman
26:19 Stone Mining
26:21 Gold Mining
26:24 Pikeman
33:00 Bodkin Arrow
33:06 Padded Archer Armor
38:12 Leather Archer Armor
42:37 Imperial Age
43:58 Bracer
44:28 Ring Archer Armor
45:23 Ballistics
46:09 Chemistry
47:16 Bow Saw
48:26 Fortified Wall
48:10 Halberdier
51:37 Elite Longbowman
53:32 Warwolf
82:46 Arbalester
Jazzbum
11:58 Feudal Age
17:05 Castle Age
21:45 Double-Bit Axe
24:46 Bow Saw
30:56 Imperial Age
32:01 Cavalier
32:42 Husbandry
34:15 Gold Mining
34:16 Stone Mining
35:13 Elite Throwing Axeman
35:57 Chivalry
35:25 Elite Throwing Axeman
37:45 Paladin
41:00 Forging
40:55 Scale Barding Armor
41:04 Scale Mail Armor
41:09 Scale Barding Armor
45:22 Iron Casting
45:02 Chain Mail Armor
45:08 Chain Barding Armor
45:57 Chemistry
45:30 Ballistics
45:03 Guard Tower
45:22 Siege Engineers
47:05 Blast Furnace
48:41 Plate Mail Armor
48:46 Plate Barding Armor
51:05 Gold Shaft Mining
50:34 Ordonnance Companies
67:38 Capped Ram
BigCozy101
5:21 Loom
14:02 Feudal Age
14:42 Horse Collar
16:05 Town Watch
16:15 Man-at-Arms
20:36 Double-Bit Axe
23:45 Castle Age
22:11 Forging
23:52 Scale Mail Armor
23:59 Scale Barding Armor
23:52 Stone Mining
26:13 Long Swordsman
26:14 Pikeman
26:55 Squires
33:35 Chain Mail Armor
35:24 Ballistics
34:43 Light Cavalry
35:34 Bloodlines
42:20 Guard Tower
49:16 Imperial Age
47:35 Husbandry
49:59 Wheelbarrow
49:25 Town Patrol
51:00 Two-Handed Swordsman
53:10 Hand Cart
53:56 Crossbowman
54:13 Champion
60:10 Elite Gbeto
72:11 Plate Mail Armor
72:18 Iron Casting
77:10 Capped Ram
Connection lost

Rejoining the realm…

Still unreachable

The connection could not be restored.

Session expired

The server has moved on; the page needs a fresh start.